AoeStats
← 白馬义从

Pilgrims

509899074Analyzed
4v4 RM · 3d ago on Sep 28, 2026· 45m 13s· 8 players
Game mode
Random Map
Map size
Large (8 player)
Population
200
Speed
Normal
Resources
Standard
Victory
Conquest
Starting age
Dark Age
Ending age
Imperial Age
RankedLock teamsTeams togetherTeam positionsShared explorationLock speedFull tech treeHidden civsTurbo modeCheats
Victory
Defeat
🇺🇸 Malay · United States
1019
+11
🇸🇪 Persians · Sweden
988
+12
🇨🇦 Ethiopians · Canada
948
+14
🇩🇪 Vietnamese · Germany
897
+16
🇻🇳 Berbers · Vietnam
967
-17
🇦🇷 Franks · Argentina
903
-13
🇦🇿 Varangians · Azerbaijan
875
-12
🇲🇽 Japanese · Mexico
846
-11
kdude
4:35 Loom
15:09 Feudal Age
20:44 Castle Age
20:02 Double-Bit Axe
20:00 Horse Collar
23:21 Bow Saw
23:38 Fletching
24:44 Wheelbarrow
26:06 Gold Mining
26:13 Stone Mining
25:51 Crossbowman
30:27 Masonry
30:33 Thumb Ring
33:45 Heavy Plow
33:51 Bodkin Arrow
33:56 Padded Archer Armor
34:59 Hand Cart
35:27 Stone Shaft Mining
35:34 Gold Shaft Mining
35:58 Town Watch
39:48 Imperial Age
38:09 Town Patrol
38:27 Leather Archer Armor
38:49 Heavy Plow
40:45 Bracer
41:16 Ring Archer Armor
40:08 Arbalester
42:07 Two-Man Saw
41:36 Ballistics
42:16 Chemistry
42:08 Conscription
MK 9
8:52 Loom
10:46 Feudal Age
10:47 Town Watch
12:33 Double-Bit Axe
12:36 Fishing Lines
14:11 Fletching
17:20 Gold Mining
17:20 Stone Mining
20:11 Castle Age
20:45 Medium Warships
21:02 Bodkin Arrow
25:57 Wheelbarrow
25:13 Horse Collar
28:05 Heavy Plow
28:21 Bow Saw
31:25 Hand Cart
31:32 Treadmill Crane
32:13 Ballistics
33:47 Gold Shaft Mining
33:47 Stone Shaft Mining
36:13 Imperial Age
34:01 Masonry
34:04 Forging
36:42 Bracer
37:17 Iron Casting
38:16 Conscription
37:29 Capped Ram
37:37 Man-at-Arms
38:18 Squires
38:53 Husbandry
43:34 Chemistry
42:41 Siege Engineers
42:44 Scale Barding Armor
45:18 Blast Furnace
44:24 Town Patrol
44:23 Murder Holes
Ajadan43
9:08 Loom
12:11 Feudal Age
12:39 Double-Bit Axe
21:56 Wheelbarrow
21:04 Horse Collar
24:14 Castle Age
23:44 Arson
24:02 Padded Archer Armor
23:52 Fletching
24:13 Forging
24:05 Scale Mail Armor
24:11 Scale Barding Armor
33:01 Thumb Ring
36:49 Imperial Age
35:46 Pikeman
36:27 Squires
38:13 Murder Holes
38:39 Bodkin Arrow
39:51 Fortified Wall
41:21 Hand Cart
40:53 Town Watch
41:26 Leather Archer Armor
42:38 Caravan
44:40 Ballistics
45:21 Chemistry
44:27 Siege Engineers
44:49 Paper Money
GlennHysen
11:47 Feudal Age
12:34 Double-Bit Axe
13:34 Wheelbarrow
13:19 Horse Collar
18:49 Castle Age
23:24 Bow Saw
26:26 Medium Warships
28:40 Heavy Plow
30:04 Hand Cart
29:35 Town Watch
30:59 Gold Mining
30:59 Stone Mining
34:28 Imperial Age
32:10 Scale Barding Armor
32:06 Scale Mail Armor
34:08 Kamandaran
33:30 Crossbowman
34:16 Thumb Ring
36:30 Ballistics
37:18 Conscription
36:56 Cavalier
37:36 Husbandry
38:33 Scale Mail Armor
38:34 Padded Archer Armor
38:24 Fletching
41:27 Chain Barding Armor
41:23 Leather Archer Armor
41:03 Bodkin Arrow
40:47 Light Cavalry
41:37 Bloodlines
42:20 Crop Rotation
43:48 Plate Barding Armor
43:43 Ring Archer Armor
44:58 Heavy Warships
43:54 Demolition Ship
45:53 Chemistry
ROMA
4:08 Loom
11:41 Feudal Age
12:17 Fishing Lines
12:53 Double-Bit Axe
17:37 Wheelbarrow
17:31 Man-at-Arms
18:43 Gold Mining
22:10 Castle Age
22:09 Stone Mining
22:51 Forging
22:41 Scale Mail Armor
23:57 Medium Warships
30:02 Squires
29:47 Gambesons
29:46 Demolition Ship
34:13 Bow Saw
38:22 Imperial Age
36:34 Hand Cart
36:48 Murder Holes
37:59 Pikeman
Russia05
13:03 Feudal Age
11:19 Loom
14:14 Double-Bit Axe
16:10 Fishing Lines
23:06 Castle Age
21:42 Wheelbarrow
21:38 Fletching
25:11 Medium Warships
25:21 Medium Warships
26:00 Bow Saw
30:48 Bodkin Arrow
32:16 Gold Mining
32:16 Stone Mining
33:39 Hand Cart
33:48 Ballistics
33:44 Siphons
36:22 Pikeman
arika
2:53 Loom
14:32 Feudal Age
18:20 Wheelbarrow
17:35 Town Watch
22:04 Castle Age
28:47 Medium Warships
29:27 Double-Bit Axe
34:03 Imperial Age
33:11 Gold Mining
33:12 Stone Mining
35:52 Heavy Warships
38:15 Scale Barding Armor
38:01 Fletching
39:42 Chemistry
40:27 Ballistics
40:06 Bodkin Arrow
40:12 Padded Archer Armor
40:21 Squires
白馬义从
4:06 Loom
11:57 Feudal Age
12:47 Double-Bit Axe
13:31 Town Watch
18:48 Fletching
21:05 Castle Age
18:58 Fishing Lines
21:40 Gold Mining
22:39 Medium Warships
23:49 Bodkin Arrow
24:41 Wheelbarrow
28:05 Gillnets
28:20 Stone Mining
31:48 Hand Cart
31:33 Town Patrol
34:01 Treadmill Crane
35:12 Ballistics
37:26 Imperial Age
36:20 Husbandry
37:23 Scale Barding Armor
37:29 Forging
39:40 Chemistry
38:45 Scale Mail Armor
39:19 Chain Barding Armor
38:24 Cavalier
40:06 Padded Archer Armor
39:46 Heavy Scorpion
41:56 Masonry
Connection lost

Rejoining the realm…

Still unreachable

The connection could not be restored.

Session expired

The server has moved on; the page needs a fresh start.